 Dungeon Crawl Stone Soup version 0.21-a0-444-g29a2fec (webtiles) character file.

11568 nikopol the Cleaver (level 11, -17/97 HPs)
             Began as a Minotaur Fighter on Nov 17, 2017.
             Was the Champion of Okawaru.
             Killed from afar by Ontamu's ghost (30 damage)
             ... with an orb of energy
             ... on level 2 of the Lair of Beasts.
             The game lasted 00:33:47 (11505 turns).

nikopol the Cleaver (Minotaur Fighter)             Turns: 11505, Time: 00:33:48

Health: -17/97     AC: 13    Str: 30    XL:     11   Next: 51%
Magic:  10/10      EV: 13    Int:  5    God:    Okawaru [******]
Gold:   422        SH:  7    Dex:  9    Spells: 10/10 levels left

rFire    . . .     SeeInvis .   o - +1 war axe (flame)
rCold    . . .     Gourm    .   j - +2 buckler
rNeg     . . .     Faith    .   c - +0 scale mail (curse)
rPois    .         Spirit   .   (helmet restricted)
rElec    .         Reflect  .   y - +1 cloak
rCorr    .         Harm     .   (no gloves)
MR       .....                  n - +1 pair of boots
Stlth    ..........             (no amulet)
HPRegen  0.26/turn              (no ring)
MPRegen  0.12/turn              (no ring)

@: mighty
A: retaliatory headbutt, horns 2
a: Heroism, Finesse, Renounce Religion


You were on level 2 of the Lair of Beasts.
You worshipped Okawaru.
Okawaru was exalted by your worship.
You were not hungry.

You visited 3 branches of the dungeon, and saw 12 of its levels.
You also visited: Bailey.

You collected 422 gold pieces.

Inventory:

Hand Weapons
 a - a +0 war axe
 o - a +1 war axe of flaming (weapon)
Missiles
 D - 6 throwing nets
 E - 2 tomahawks (quivered)
Armour
 c - a cursed +0 scale mail (worn)
 j - a +2 buckler (worn)
 n - a +1 pair of boots (worn)
 y - a +1 cloak (worn)
 H - +0 steam dragon scales
Jewellery
 t - a +3 ring of evasion {unknown}
Wands
 v - a wand of digging (8/24)
 z - a wand of random effects (7/48)
 I - a wand of lightning (8/15)
Scrolls
 e - 6 scrolls of identify
 h - 10 scrolls of remove curse
 k - 2 scrolls of teleportation
 q - a scroll of blinking
 r - 2 scrolls of magic mapping
 s - a scroll of fear
 w - 5 scrolls of enchant weapon
 B - a scroll of fog
Potions
 g - a potion of flight {unknown}
 i - a potion of berserk rage
 m - 3 potions of lignification
 p - a potion of brilliance {unknown}
 x - 3 potions of degeneration
 C - 2 potions of agility
 G - 2 potions of curing
Books
 A - a book of Battle

   Spells                             Type                      Level
   a - Infusion                       Charms                       1
   b - Shroud of Golubria             Charms/Translocation         2
   c - Song of Slaying                Charms                       2
   d - Spectral Weapon                Hexes/Charms                 3
   e - Regeneration                   Charms/Necromancy            3
Miscellaneous
 b - a fan of gales
Comestibles
 f - 8 bread rations
 l - 12 fruits
 F - 3 royal jellies


   Skills:
 + Level 9.6 Fighting
 + Level 14.1 Axes
 + Level 8.8 Armour
 + Level 7.1 Dodging
 + Level 2.3 Stealth
 + Level 8.5 Shields
 + Level 0.3 Invocations


You had 10 spell levels left.
You didn't know any spells.

Dungeon Overview and Level Annotations

Branches:
Dungeon (9/15)             Temple (1/1) D:5            Lair (2/6) D:8
    Orc (0/2) D:9
  Swamp: Lair:2-4    Shoals: Lair:2-4     Snake: Lair:2-4    Spider: Lair:2-4

Altars:
Ashenzari
Cheibriados
Dithmenos
Elyvilon
Hepliaklqana
Makhleb
Nemelex Xobeh
Okawaru
Qazlal
Ru
Sif Muna
Trog
Uskayaw
Vehumet
Wu Jian
Xom
Yredelemnul
Zin

Shops:
D:7 *   D:9 %

Annotations:
D:7 Tux's ghost, novice FoFi
D:9 theanonym's ghost, journeyman MiHu
Lair:2 Ontamu's ghost, journeyman GnCj


Innate Abilities, Weirdness & Mutations

You reflexively headbutt those who attack you in melee.
You have a pair of horns on your head.


Message History

You slash Ontamu's ghost! You burn Ontamu's ghost.
Ontamu's ghost is severely damaged.
Ontamu's ghost points at you and mumbles some strange words.
The magic dart hits you!
* * * LOW HITPOINT WARNING * * *
You miss Ontamu's ghost.
Ontamu's ghost is severely damaged.
Ontamu's ghost hits you but does no damage.
You slice Ontamu's ghost!! You burn Ontamu's ghost.
Your headbutt misses Ontamu's ghost.
Ontamu's ghost is almost destroyed.
Ontamu's ghost points at you and mumbles some strange words.
The magic dart hits you!
You closely miss Ontamu's ghost. Your headbutt misses Ontamu's ghost.
Ontamu's ghost is almost destroyed.
You closely miss Ontamu's ghost.
Ontamu's ghost is almost destroyed.
Ontamu's ghost gestures at you while chanting.
The orb of energy hits you!
You die...

## ##.# ##...
##... # ####...#
..#.P....##### ..
..........P#.#...
.........W......#
.#.......@..#####
..##...#..###
##......#
#....#...#
......##.##
###### ... #...#
#.#.. ## #P.


You could see Ontamu's ghost.

Vanquished Creatures
  2 black mambas
  6 spiny frogs (Lair:1)
  A komodo dragon (Lair:1)
  3 trolls (D:9)
  4 blink frogs (Lair:1)
  A hippogriff (D:9)
  A steam dragon (D:9)
  12 yaks
  A hungry ghost (D:8)
  Edmund (D:6)
  4 water moccasins
  4 porcupines
  5 ice beasts
  4 orc warriors
  A sky beast (D:6)
  3 black bears (D:8)
  A necrophage (D:8)
  A wolf (Lair:1)
  3 ogres
  2 centaurs (D:8)
  A crocodile (Lair:1)
  A big kobold (D:6)
  10 bullfrogs
  8 gnoll sergeants (Bailey)
  A scorpion (D:7)
  2 howler monkeys (D:8)
  2 crimson imps
  6 gnoll shamans (Bailey)
  3 hounds
  4 orc priests
  Crazy Yiuf (D:2)
  2 jellies
  4 orc wizards
  2 bullfrog skeletons
  Jessica (D:2)
  4 iguanas
  Natasha (D:3)
  4 worker ants
  A hound zombie (D:7)
  A hound skeleton (D:8)
  Robin (D:2)
  10 adders
  15 gnolls
  2 adder zombies
  An adder skeleton (D:6)
  2 dart slugs (D:2)
  4 leopard geckos
  17 orcs
  A ball python (D:1)
  6 bats
  5 giant cockroaches
  16 goblins
  3 hobgoblins (D:2)
  4 jackals (D:9)
  5 quokkas
  4 frilled lizards
  A giant cockroach zombie (D:6)
  A jackal skeleton (D:5)
  14 kobolds
  A leopard gecko zombie (D:6)
  An orc zombie (D:9)
  A quokka skeleton (D:4)
  7 rats
  4 fungi (D:8)
  8 plants (D:8)
253 creatures vanquished.

Vanquished Creatures (others)
  23 fungi
  15 plants
38 creatures vanquished.

Grand Total: 291 creatures vanquished

Notes
Turn   | Place    | Note
-------+----------+-------------------------------------------
     0 | D:1      | nikopol the Minotaur Fighter began the quest for the Orb.
     0 | D:1      | Reached XP level 1. HP: 19/19 MP: 0/0
   229 | D:1      | Reached XP level 2. HP: 27/27 MP: 1/1
   658 | D:2      | Noticed Jessica
   660 | D:2      | Reached skill level 1 in Dodging
   660 | D:2      | Reached XP level 3. HP: 33/33 MP: 2/2
   669 | D:2      | Killed Jessica
   669 | D:2      | Reached skill level 3 in Axes
   702 | D:2      | Reached XP level 4. HP: 40/40 MP: 3/3
   731 | D:2      | Found a shattered altar of Ashenzari.
   935 | D:2      | Noticed Robin
   949 | D:2      | Killed Robin
  1035 | D:2      | Found a runed door.
  1039 | D:2      | Noticed Crazy Yiuf
  1047 | D:2      | Killed Crazy Yiuf
  1047 | D:2      | Reached XP level 5. HP: 46/46 MP: 4/4
  1367 | D:3      | Reached skill level 4 in Axes
  1672 | D:3      | Noticed Natasha
  1684 | D:3      | Killed Natasha
  1954 | D:4      | Reached skill level 5 in Armour
  2434 | D:5      | Entered Level 5 of the Dungeon
  2467 | D:5      | Found a stormy altar of Qazlal.
  2519 | D:5      | Found a staircase to the Ecumenical Temple.
  2533 | Temple   | Entered the Ecumenical Temple
  2643 | Temple   | Became a worshipper of Warmaster Okawaru
  2733 | D:5      | Reached XP level 6. HP: 47/53 MP: 5/5
  2924 | D:5      | Reached skill level 5 in Axes
  3254 | D:6      | Noticed a sky beast
  3302 | D:6      | Killed a sky beast
  3302 | D:6      | Reached * piety under Okawaru
  3302 | D:6      | Reached skill level 6 in Axes
  3553 | D:6      | Noticed a water moccasin
  3557 | D:6      | Killed a water moccasin
  3557 | D:6      | Reached skill level 5 in Fighting
  3557 | D:6      | Reached XP level 7. HP: 53/61 MP: 6/6
  3562 | D:6      | Found an ornate altar of the Wu Jian Council.
  3686 | D:6      | Reached skill level 7 in Axes
  3695 | D:6      | Reached skill level 1 in Stealth
  3742 | D:6      | Found a white marble altar of Elyvilon.
  3788 | D:6      | Reached ** piety under Okawaru
  3788 | D:6      | Reached skill level 5 in Shields
  3995 | D:6      | Noticed Edmund
  4009 | D:6      | Killed Edmund
  4009 | D:6      | Reached skill level 8 in Axes
  4009 | D:6      | Reached XP level 8. HP: 52/69 MP: 7/7
  4071 | D:6      | Found a basalt altar of Yredelemnul.
  4248 | D:6      | Found a stormy altar of Qazlal.
  4311 | D:7      | Noticed Tux's ghost (novice FoFi)
  4544 | D:7      | Reached skill level 9 in Axes
  4550 | D:7      | Found a shadowy altar of Dithmenos.
  4807 | D:7      | Reached *** piety under Okawaru
  4870 | D:7      | Found a snail-covered altar of Cheibriados.
  4969 | D:7      | Found Son Diso's Assorted Antiques.
  5107 | D:7      | Reached XP level 9. HP: 41/78 MP: 8/8
  5318 | D:8      | Reached skill level 10 in Axes
  5356 | D:8      | Found a staircase to the Lair.
  5380 | D:8      | Reached skill level 5 in Dodging
  5395 | D:8      | Reached **** piety under Okawaru
  5395 | D:8      | Reached skill level 11 in Axes
  5437 | D:8      | Found a flagged portal.
  5446 | Bailey   | Entered a bailey
  6309 | Bailey   | HP: 4/80 [gnoll sergeant/halberd (7)]
  6310 | Bailey   | Reached XP level 10. HP: 5/88 MP: 7/9
  6760 | Bailey   | Reached skill level 12 in Axes
  6769 | Bailey   | HP: 3/88 [gnoll shaman/halberd (7)]
  8143 | D:9      | Noticed theanonym's ghost (journeyman MiHu)
  8559 | D:9      | HP: 1/90 [troll (7)]
  8564 | D:9      | Reached ***** piety under Okawaru
  8960 | D:9      | Found a radiant altar of Vehumet.
  8961 | D:9      | Found a burning altar of Makhleb.
  8997 | D:9      | Found a staircase to the Orcish Mines.
  9326 | D:9      | Found Vakuymn's Food Shoppe.
  9355 | D:9      | Noticed a two-headed ogre
  9406 | Lair:1   | Entered Level 1 of the Lair of Beasts
  9413 | Lair:1   | Reached skill level 13 in Axes
  9737 | Lair:1   | Reached XP level 11. HP: 90/95 MP: 10/10
 10645 | Lair:1   | Reached ****** piety under Okawaru
 11276 | Lair:1   | Reached skill level 14 in Axes
 11478 | Lair:2   | Noticed Ontamu's ghost (journeyman GnCj)
 11505 | Lair:2   | Killed from afar by Ontamu's ghost

Vault maps used:
D:1:      dpeg_arrival_simpleton_a, roderic_serpentine_path, minmay_pentomino_s2
D:2:      lemuel_doored_altar, uniq_robin, uniq_jessica, uniq_crazy_yiuf_cottage
D:3:      minmay_wonky_spiral, uniq_natasha
D:4:      kennysheep_opposing_triangles
D:5:      minmay_temple_entry_statues_fountains, basic_altar, first_bread
D:6:      kennysheep_ying_yang, lemuel_coloured_pillars_altar,
          kennysheep_mini_moat, uniq_edmund
D:7:      cheibriados_altar_1, nicolae_dithmenos_shadow_blocks, serial_shops,
          nicolae_shop_stone
D:8:      due_lair_maze_entry_diamond, enter_bailey_2
D:9:      cheibrodos_steamvent, grunt_temple_overflow_lords_of_destruction,
          kiku_gazebo_garden_becter, marbit_many_paths,
          nicolae_tso_besieged_by_evil, fedhas_altar_1, orc_0_dummy,
          basic_altar, serial_shops, kennysheep_little_box
Temple:   nicolae_temple_figure_zero
Lair:1:   st_stairs_12, grunt_megastairs_5, serial_bayou_shore_a
Lair:2:   minmay_hedge_maze, minivault_23
Bailey:   bailey_polearm_gnolls_kennysheep, bailey

Skill      XL: |  1  2  3  4  5  6  7  8  9 10 11 |
---------------+----------------------------------+-----
Fighting       | 4 5 6 7 8 9 |  9.6
Armour         | 4 5 7 8 |  8.8
Dodging        | 1 2 3 4 5 6 7 |  7.1
Axes           | 3 4 6 8 9 11 13 14 | 14.1
Shields        | 4 5 6 8 |  8.5
Stealth        | 1 2 |  2.3
Invocations    | |  0.3

Action                   |  1- 3 |  4- 6 |  7- 9 | 10-12 || total
-------------------------+-------+-------+-------+-------++-------
Melee: War axe           |    69 |   148 |   262 |   343 ||   822
       Headbutt          |     6 |    16 |    56 |    71 ||   149
Invok: Heroism           |       |       |     3 |     1 ||     4
  Use: Scroll            |       |       |    13 |     6 ||    19
       Potion            |       |       |     1 |     5 ||     6
 Stab: Sleeping          |       |     1 |     2 |       ||     3
  Eat: Chunk             |       |     8 |     9 |    15 ||    32
       Meat ration       |       |       |       |     1 ||     1
Armor: Fire dragon scale |    40 |    42 |       |       ||    82
       Steam dragon scal |       |    18 |    61 |       ||    79
       Scale mail        |       |       |    17 |   109 ||   126
Dodge: Dodged            |    28 |    70 |   150 |   178 ||   426
Block: Buckler           |    16 |    40 |    89 |   119 ||   264
       Shield            |     1 |       |       |       ||     1

Table legend:
 A = Spawn XP
 B = Non-spawn XP
 C = Spawn XP percentage of total XP
 D = Spawn monster count
 E = Non-spawn monster count
 F = Spawn count percentage of total count
 G = Total turns spent on level
                    A         B        C        D         E        F      G
               +---------+---------+-------+---------+---------+-------+---------
         Total |       0 |   16527 |   0.0 |       0 |     241 |   0.0 | 11505
               +---------+---------+-------+---------+---------+-------+---------
           D:1 |       0 |      27 |   0.0 |       0 |      18 |   0.0 |   634
           D:2 |       0 |     179 |   0.0 |       0 |      28 |   0.0 |   486
           D:3 |       0 |      65 |   0.0 |       0 |      19 |   0.0 |   775
           D:4 |       0 |      62 |   0.0 |       0 |       7 |   0.0 |   539
           D:5 |       0 |      79 |   0.0 |       0 |       6 |   0.0 |   557
           D:6 |       0 |    1672 |   0.0 |       0 |      28 |   0.0 |  1366
           D:7 |       0 |     777 |   0.0 |       0 |      21 |   0.0 |   822
           D:8 |       0 |    4200 |   0.0 |       0 |      37 |   0.0 |  2423
           D:9 |       0 |    2037 |   0.0 |       0 |      23 |   0.0 |   400
        Lair:1 |       0 |    6066 |   0.0 |       0 |      23 |   0.0 |  1462
        Lair:2 |       0 |     151 |   0.0 |       0 |       1 |   0.0 |    33
        Bailey |       0 |    1212 |   0.0 |       0 |      30 |   0.0 |  1886
               +---------+---------+-------+---------+---------+-------+---------
